[Event "CZE-ch Open 2019"]
[Site "Ostrava"]
[Date "2019.05.04"]
[Round "8.2"]
[White "Kraus, Tomas"]
[Black "Kislinsky, Alexey"]
[Result "1-0"]
[ECO "A67"]
[WhiteElo "2463"]
[BlackElo "2427"]
[Annotator "ChessBase"]
[PlyCount "52"]
[EventDate "2019.04.27"]
[EventType "swiss"]
[EventCountry "CZE"]
[SourceTitle "playchess.com"]
[Source "ChessBase"]
[SourceQuality "1"]
[TimeControl "40/5400+30:1800+30"]

1. d4 Nf6 2. c4 c5 3. d5 e6 4. Nc3 exd5 5. cxd5 d6 6. e4 g6 7. f4 Bg7 8. Bb5+ Nfd7 9. Nf3 a6 10. Bd3 b5 11. O-O O-O 12. Qe1 Re8 13. Qg3 c4 14. Bc2 Nc5 15. f5 b4 16. fxg6 fxg6 17. Na4 Nxe4 18. Bxe4 Rxe4 19. Ng5 Re8 20. Nf7 Qa5 21. Bh6 Qxa4 22. Bxg7 Kxg7 23. Qg5 Nd7 24. Qh6+ Kg8 25. Ng5 Re7 26. Rae1 Nb8 1-0

[Event "CZE-ch Open 2019"]
[Site "Ostrava"]
[Date "2019.05.04"]
[Round "8.3"]
[White "Hracek, Zbynek"]
[Black "Michalik, Peter"]
[Result "1/2-1/2"]
[ECO "C42"]
[WhiteElo "2589"]
[BlackElo "2574"]
[Annotator "ChessBase"]
[PlyCount "67"]
[EventDate "2019.04.27"]
[EventType "swiss"]
[EventCountry "CZE"]
[SourceTitle "playchess.com"]
[Source "ChessBase"]
[SourceQuality "1"]
[TimeControl "40/5400+30:1800+30"]

1. e4 e5 2. Nf3 Nf6 3. Nxe5 d6 4. Nf3 Nxe4 5. Nc3 Nf6 6. d4 Be7 7. Bd3 O-O 8. O-O Re8 9. Re1 b6 10. d5 Bb7 11. Bb5 Nfd7 12. Bf4 a6 13. Bf1 Bf6 14. Qd2 Ne5 15. Nxe5 dxe5 16. Bg3 Bg5 17. f4 exf4 18. Rxe8+ Qxe8 19. Bxf4 Bxf4 20. Qxf4 Qe7 21. Rd1 Qc5+ 22. Kh1 Nd7 23. Ne4 Qxc2 24. Rc1 Qxb2 25. Rxc7 Bxd5 26. Rxd7 Bxa2 27. h4 h6 28. Nd6 Qf6 29. Qxf6 gxf6 30. Bc4 Bxc4 31. Nxc4 b5 32. Na5 Re8 33. Ra7 Re4 34. g3 1/2-1/2

[Event "CZE-ch Open 2019"]
[Site "Ostrava"]
[Date "2019.05.04"]
[Round "8.4"]
[White "Plat, Vojtech"]
[Black "Babula, Vlastimil"]
[Result "1-0"]
[ECO "B49"]
[WhiteElo "2540"]
[BlackElo "2550"]
[Annotator "ChessBase"]
[PlyCount "67"]
[EventDate "2019.04.27"]
[EventType "swiss"]
[EventCountry "CZE"]
[SourceTitle "playchess.com"]
[Source "ChessBase"]
[SourceQuality "1"]
[TimeControl "40/5400+30:1800+30"]

1. e4 c5 2. Nf3 e6 3. d4 cxd4 4. Nxd4 Nc6 5. Nc3 Qc7 6. Be3 a6 7. Be2 Nf6 8. O-O Be7 9. f4 d6 10. Kh1 O-O 11. Qe1 Nxd4 12. Bxd4 b5 13. a3 Bb7 14. Qg3 Rad8 15. Bf3 Rd7 16. Rad1 Rfd8 17. Rfe1 Qb8 18. Rd3 Ba8 19. Red1 Ne8 20. f5 exf5 21. exf5 d5 22. Qxb8 Rxb8 23. Nxd5 Bxd5 24. Be5 Rc8 25. Bxd5 Bf6 26. Bxf6 Nxf6 27. Bb7 Rxc2 28. Rxd7 Nxd7 29. h3 Nf8 30. b4 Rf2 31. Rd5 g6 32. fxg6 Rf6 33. gxh7+ Kxh7 34. Rf5 1-0

[Event "CZE-ch Open 2019"]
[Site "Ostrava"]
[Date "2019.05.04"]
[Round "8.6"]
[White "Miesbauer, Jan"]
[Black "Kriebel, Tadeas"]
[Result "1/2-1/2"]
[ECO "A28"]
[WhiteElo "2407"]
[BlackElo "2523"]
[Annotator "RC"]
[PlyCount "128"]
[EventDate "2019.04.27"]
[EventType "swiss"]
[EventCountry "CZE"]
[SourceTitle "playchess.com"]
[Source "ChessBase"]
[SourceQuality "1"]
[TimeControl "40/5400+30:1800+30"]

1. c4 e5 2. Nc3 Nf6 3. Nf3 Nc6 4. d4 exd4 5. Nxd4 Bb4 6. Bg5 O-O 7. Rc1 h6 8. Bh4 Re8 9. e3 Nxd4 10. Qxd4 g5 11. Bg3 c5 12. Qd1 b5 13. a3 Ba5 14. Qd6 Bb7 15. Be2 Re6 16. Qxc5 Bxg2 17. Rg1 Ne4 18. Qd4 Nxc3 19. bxc3 Be4 20. c5 Bc6 21. h4 Re4 22. Qd6 Re6 23. Qd4 Re4 24. Qd3 Qf6 25. hxg5 hxg5 26. Bf4 Rxf4 27. exf4 Qxf4 28. Qd2 Bc7 29. Rxg5+ Kf8 30. Rg4 Qh2 31. Qg5 Re8 32. Rd1 Re5 33. Qg7+ Ke7 34. Rd3 Qh1+ 35. Rg1 Qe4 36. Re3 Qb1+ 37. Bd1 Rxe3+ 38. fxe3 Qe4 39. Qd4 Qh7 40. Bb3 Qb1+ 41. Bd1 Qh7 42. Rf1 Bg3+ 43. Kd2 Qh2+ 44. Kc1 Be5 45. Qd2 Qh3 46. Qf2 f6 47. Bf3 Bxf3 48. Qxf3 Qe6 49. Rh1 Qc4 50. Rh7+ Ke6 51. Qh3+ f5 52. Rh6+ Bf6 53. Rxf6+ Kxf6 54. Qh6+ Ke5 55. Qd6+ Ke4 56. Qf4+ Kd3 57. Qxf5+ Kxe3 58. Kb2 Qe2+ 59. Kb3 Qd1+ 60. Kb2 Qd3 61. Qh3+ Kd2 62. Qh6+ Kd1 63. Qh1+ Kd2 64. Qh6+ Kd1 1/2-1/2

[Event "CZE-ch Open 2019"]
[Site "Ostrava"]
[Date "2019.05.04"]
[Round "8.7"]
[White "Mikes, Jan"]
[Black "Kociscak, Jiri"]
[Result "1/2-1/2"]
[ECO "C45"]
[WhiteElo "2395"]
[BlackElo "2505"]
[Annotator "ChessBase"]
[PlyCount "79"]
[EventDate "2019.04.27"]
[EventType "swiss"]
[EventCountry "CZE"]
[SourceTitle "playchess.com"]
[Source "ChessBase"]
[SourceQuality "1"]
[TimeControl "40/5400+30:1800+30"]

1. e4 e5 2. Nf3 Nc6 3. d4 exd4 4. Nxd4 Nf6 5. Nxc6 bxc6 6. e5 Qe7 7. Qe2 Nd5 8. c4 Nb6 9. Nc3 a5 10. Qe4 Qe6 11. Bd3 Bb4 12. Bd2 Bb7 13. f4 O-O-O 14. O-O-O g6 15. Rhe1 d5 16. exd6 Qxd6 17. Bf1 f5 18. Qe6+ Qxe6 19. Rxe6 Rhe8 20. Rxe8 Rxe8 21. Re1 Rxe1+ 22. Bxe1 Ba6 23. b3 Nd5 24. Nxd5 cxd5 25. Bxb4 axb4 26. Kb2 c5 27. a3 bxa3+ 28. Kxa3 Kc7 29. g3 Kb6 30. Bd3 Ka5 31. Be2 d4 32. Bf3 Bc8 33. Bd5 Bd7 34. h4 Be8 35. Bg8 h5 36. Bd5 d3 37. Kb2 Kb4 38. Be6 Bc6 39. Bd5 Be8 40. Be6 1/2-1/2

[Event "CZE-ch Open 2019"]
[Site "Ostrava"]
[Date "2019.05.04"]
[Round "8.8"]
[White "Simacek, Pavel"]
[Black "Blatny, Pavel"]
[Result "1-0"]
[ECO "B06"]
[WhiteElo "2476"]
[BlackElo "2328"]
[Annotator "ChessBase"]
[PlyCount "77"]
[EventDate "2019.04.27"]
[EventType "swiss"]
[EventCountry "CZE"]
[SourceTitle "playchess.com"]
[Source "ChessBase"]
[SourceQuality "1"]
[TimeControl "40/5400+30:1800+30"]

1. e4 g6 2. d4 Bg7 3. Nf3 d6 4. Bd3 e5 5. h3 exd4 6. Nxd4 Nd7 7. Nb3 a5 8. a4 b6 9. O-O Bb7 10. Nc3 Ne7 11. Bg5 h6 12. Be3 O-O 13. Qd2 Kh7 14. Rae1 Ne5 15. Bb5 g5 16. Nd4 c5 17. Nde2 f5 18. f4 fxe4 19. fxe5 d5 20. Rxf8 Qxf8 21. Rf1 Qg8 22. Nxe4 dxe4 23. Qd7 Nd5 24. Qxb7 Rb8 25. Qc6 Rc8 26. Qd7 Nxe3 27. Rf7 Rf8 28. e6 Kg6 29. Rxg7+ Qxg7 30. Qxg7+ Kxg7 31. e7 Rb8 32. e8=Q Rxe8 33. Bxe8 Nxc2 34. Nc3 e3 35. Kf1 Kf6 36. Ke2 Kf5 37. g3 g4 38. h4 Ke5 39. Bg6 {[%emt 0:00:16] Kd5} 1-0

[Event "CZE-ch Open 2019"]
[Site "Ostrava"]
[Date "2019.05.04"]
[Round "8.9"]
[White "Mrazek, Lumir"]
[Black "Zwardon, Vojtech"]
[Result "1-0"]
[ECO "B30"]
[WhiteElo "2344"]
[BlackElo "2458"]
[Annotator "ChessBase"]
[PlyCount "79"]
[EventDate "2019.04.27"]
[EventType "swiss"]
[EventCountry "CZE"]
[SourceTitle "playchess.com"]
[Source "ChessBase"]
[SourceQuality "1"]
[TimeControl "40/5400+30:1800+30"]

1. e4 c5 2. Nf3 Nc6 3. c3 Nf6 4. d3 g6 5. Be2 Bg7 6. O-O d5 7. Qc2 O-O 8. h3 Qc7 9. Re1 b6 10. Nbd2 e6 11. Nf1 Ba6 12. e5 Nd7 13. d4 Qb7 14. Bg5 Rfc8 15. Qd2 cxd4 16. cxd4 Na5 17. b3 Bxe2 18. Rxe2 Qa6 19. Rae1 Rc7 20. Ne3 Rac8 21. Ng4 Rc3 22. Bh6 Qd3 23. Qg5 Qf5 24. Qh4 Qh5 25. Qe7 Bxh6 26. Qxd7 Bg7 27. Qxa7 R3c6 28. Nf6+ Bxf6 29. exf6 R8c7 30. Qa6 Qh6 31. Ne5 Rd6 32. Qd3 Qf4 33. Rc2 Rxc2 34. Qxc2 Rd8 35. Qc7 Rf8 36. Qxb6 Qd2 37. Re3 Qxa2 38. Qb4 Qb1+ 39. Re1 Qa2 40. Rc1 1-0

[Event "CZE-ch Open 2019"]
[Site "Ostrava"]
[Date "2019.05.04"]
[Round "8.10"]
[White "Pulpan, Jakub"]
[Black "Hausner, Ivan"]
[Result "0-1"]
[ECO "C03"]
[WhiteElo "2426"]
[BlackElo "2351"]
[Annotator "NA"]
[PlyCount "60"]
[EventDate "2019.04.27"]
[EventType "swiss"]
[EventCountry "CZE"]
[SourceTitle "playchess.com"]
[Source "ChessBase"]
[SourceQuality "1"]
[TimeControl "40/5400+30:1800+30"]

1. e4 e6 2. d4 d5 3. Nd2 Be7 4. Ngf3 Nf6 5. e5 Nfd7 6. Bd3 c5 7. c3 Nc6 8. O-O a5 9. a4 b6 10. Qe2 cxd4 11. cxd4 Nb4 12. Bb5 Ba6 13. Bxa6 Nxa6 14. Nb1 O-O 15. Nc3 Qc8 16. Bg5 Bxg5 17. Nxg5 h6 18. Nh3 Qc4 19. Qd2 Nb4 20. Nf4 Rfc8 21. Rfe1 Nf8 22. Rac1 Qb3 23. Re3 Na2 24. Rce1 Nxc3 25. bxc3 Ng6 26. Nh5 Rc4 27. Rh3 Rac8 28. Rc1 Qa3 29. g4 Rxd4 30. Nf6+ Kf8 0-1

[Event "CZE-ch Open 2019"]
[Site "Ostrava"]
[Date "2019.05.04"]
[Round "8.11"]
[White "Stocek, Jiri"]
[Black "Serrano Salvador, Eduardo"]
[Result "1-0"]
[ECO "D43"]
[WhiteElo "2558"]
[BlackElo "2324"]
[Annotator "RC"]
[PlyCount "123"]
[EventDate "2019.04.27"]
[EventType "swiss"]
[EventCountry "CZE"]
[SourceTitle "playchess.com"]
[Source "ChessBase"]
[SourceQuality "1"]
[TimeControl "40/5400+30:1800+30"]

1. d4 d5 2. c4 c6 3. Nf3 Nf6 4. Nc3 e6 5. Qb3 dxc4 6. Qxc4 b5 7. Qd3 Bb7 8. e4 b4 9. Na4 Qa5 10. b3 c5 11. Ne5 Bxe4 12. Qb5+ Qxb5 13. Bxb5+ Nbd7 14. f3 Bd5 15. Nxc5 Bxc5 16. dxc5 Rb8 17. Ba4 Ke7 18. Nd3 Rhc8 19. Bf4 e5 20. Bg3 Nxc5 21. Nxc5 Rxc5 22. Bxe5 Rd8 23. Bd4 Rc2 24. O-O Bc6 25. Rad1 Rd6 26. Rf2 Rxf2 27. Bc5 Rc2 28. Bxd6+ Ke6 29. Bxc6 Rxc6 30. Bxb4 Nd5 31. Be1 Rc2 32. Rd2 Rc1 33. Kf2 Nc3 34. a4 Rb1 35. Rd3 Rb2+ 36. Kf1 Nd5 37. Bd2 f5 38. g3 g6 39. h4 h5 40. Ke1 Rb1+ 41. Ke2 a6 42. a5 Ke5 43. b4 f4 44. Kf2 fxg3+ 45. Kxg3 Rb2 46. Be1 Rg2+ 47. Kxg2 Nf4+ 48. Kg3 Nxd3 49. b5 Nc5 50. Bf2 Ne6 51. bxa6 Nc7 52. a7 Kf5 53. Bb6 Na8 54. Bd8 Ke5 55. Kf2 Kd4 56. Ke2 Ke5 57. Ke3 Kf5 58. Kd4 Ke6 59. Ke4 Kd7 60. Bb6 Ke6 61. Kf4 Kf7 62. Kg5 1-0

[Event "CZE-ch Open 2019"]
[Site "Ostrava"]
[Date "2019.05.04"]
[Round "8.12"]
[White "Babula, Milan"]
[Black "Roubalik, Jakub"]
[Result "0-1"]
[ECO "B53"]
[WhiteElo "2208"]
[BlackElo "2420"]
[Annotator "RC"]
[PlyCount "128"]
[EventDate "2019.04.27"]
[EventType "swiss"]
[EventCountry "CZE"]
[SourceTitle "playchess.com"]
[Source "ChessBase"]
[SourceQuality "1"]
[TimeControl "40/5400+30:1800+30"]

1. e4 c5 2. Nf3 d6 3. d4 cxd4 4. Qxd4 Nc6 5. Bb5 Bd7 6. Bxc6 Bxc6 7. c4 Nf6 8. Nc3 g6 9. O-O Bg7 10. Qd3 O-O 11. Nd4 Nd7 12. Be3 Rc8 13. b3 a6 14. Nxc6 Rxc6 15. Rac1 Nc5 16. Bxc5 Rxc5 17. a4 e6 18. Rfd1 Rc6 19. Ne2 Qa5 20. Nd4 Rcc8 21. Ne2 Rfd8 22. g3 Qb4 23. Rb1 Bf6 24. Qd2 Qc5 25. Qd3 h5 26. Qf3 Kg7 27. h4 b5 28. cxb5 axb5 29. b4 Qe5 30. axb5 Qxb5 31. Qd3 Rc4 32. Rdc1 d5 33. exd5 exd5 34. Nc3 Qc6 35. b5 Qc5 36. Ne2 Rb8 37. b6 Rxb6 38. Rxb6 Rxc1+ 39. Nxc1 Qxb6 40. Ne2 Qc5 41. Kg2 Be5 42. Qd1 Qc4 43. Ng1 Bf6 44. Nf3 Qe4 45. Kg1 Bc3 46. Ng5 Qe1+ 47. Qxe1 Bxe1 48. Kf1 Bd2 49. Nf3 Bc3 50. Ke2 Kf6 51. Ng5 Ke7 52. Kd3 Bf6 53. Nf3 Ke6 54. Ne1 Kf5 55. Ke2 Be7 56. Kf3 f6 57. Nd3 Bd6 58. Ke3 Kg4 59. Kd4 Bxg3 60. fxg3 Kxg3 61. Kxd5 Kxh4 62. Ke4 Kg3 63. Nf4 h4 64. Nxg6 h3 0-1

[Event "CZE-ch Open 2019"]
[Site "Ostrava"]
[Date "2019.05.04"]
[Round "8.13"]
[White "Riha, Vojtech"]
[Black "Jasny, Stanislav"]
[Result "1-0"]
[ECO "B06"]
[WhiteElo "2216"]
[BlackElo "2351"]
[Annotator "NA"]
[PlyCount "73"]
[EventDate "2019.04.27"]
[EventType "swiss"]
[EventCountry "CZE"]
[SourceTitle "playchess.com"]
[Source "ChessBase"]
[SourceQuality "1"]
[TimeControl "40/5400+30:1800+30"]

1. e4 g6 2. d4 Bg7 3. Nc3 d6 4. f4 a6 5. Nf3 b5 6. Bd3 Nd7 7. a4 b4 8. Ne2 c5 9. c3 bxc3 10. bxc3 Ngf6 11. e5 Nd5 12. Ng5 Nc7 13. O-O O-O 14. Qe1 f5 15. g4 h6 16. gxf5 gxf5 17. Ng3 hxg5 18. Nxf5 Rxf5 19. Bxf5 Nf8 20. Bc2 cxd4 21. fxg5 dxe5 22. Qe4 Be6 23. Ba3 Nd5 24. Rxf8+ Kxf8 25. Rf1+ Ke8 26. Qg6+ Kd7 27. Qxg7 Qb6 28. Be4 d3+ 29. Kh1 Qe3 30. Qh7 d2 31. Bxe7 Nxe7 32. Bxa8 Qe2 33. Qb1 Bb3 34. Bf3 Qxf3+ 35. Rxf3 d1=Q+ 36. Qxd1+ Bxd1 37. Rd3+ 1-0

[Event "CZE-ch Open 2019"]
[Site "Ostrava"]
[Date "2019.05.04"]
[Round "8.15"]
[White "Nguyen, Thai Dai Van"]
[Black "Ockay, Tomas"]
[Result "1-0"]
[ECO "B12"]
[WhiteElo "2548"]
[BlackElo "2139"]
[Annotator "ChessBase"]
[PlyCount "69"]
[EventDate "2019.04.27"]
[EventType "swiss"]
[EventCountry "CZE"]
[SourceTitle "playchess.com"]
[Source "ChessBase"]
[SourceQuality "1"]
[TimeControl "40/5400+30:1800+30"]

1. e4 c6 2. d4 d5 3. e5 Bf5 4. Nf3 e6 5. Be2 h6 6. O-O Nd7 7. Nbd2 Ne7 8. Nb3 g5 9. a4 Bg6 10. a5 Nf5 11. Bd2 Be7 12. Ne1 O-O 13. g3 c5 14. c3 c4 15. Nc1 f6 16. exf6 Nxf6 17. b3 Rc8 18. Nf3 Nd6 19. Ne5 Be8 20. Qc2 Kg7 21. bxc4 Nxc4 22. Ncd3 Nxd2 23. Qxd2 Ne4 24. Qb2 Nxc3 25. Bg4 Rc7 26. Bxe6 Rf6 27. Bh3 Bb5 28. Rfc1 Bxd3 29. Rxc3 Bf5 30. Rxc7 Qxc7 31. Bxf5 Rxf5 32. Rc1 Qb8 33. Qb1 Qf8 34. Rc7 Rxf2 35. Rxe7+ 1-0

[Event "CZE-ch Open 2019"]
[Site "Ostrava"]
[Date "2019.05.04"]
[Round "8.16"]
[White "Vokac, Marek"]
[Black "Liska, Jiri"]
[Result "0-1"]
[ECO "A05"]
[WhiteElo "2343"]
[BlackElo "2239"]
[Annotator "NA"]
[PlyCount "82"]
[EventDate "2019.04.27"]
[EventType "swiss"]
[EventCountry "CZE"]
[SourceTitle "playchess.com"]
[Source "ChessBase"]
[SourceQuality "1"]
[TimeControl "40/5400+30:1800+30"]

1. Nf3 Nf6 2. c4 g6 3. Nc3 Bg7 4. e4 c5 5. d4 cxd4 6. Nxd4 d6 7. Be2 Nc6 8. Nc2 O-O 9. O-O Bd7 10. Bd2 Rc8 11. b3 a6 12. Rc1 Ne5 13. f4 Neg4 14. Kh1 h5 15. h3 Nh6 16. Ne3 Bc6 17. Bf3 b5 18. Qe1 b4 19. Ncd5 e6 20. Bxb4 exd5 21. e5 Ne8 22. cxd5 Bb5 23. Nc4 Nf5 24. Be4 Nd4 25. Bd3 dxe5 26. a4 Nxb3 27. axb5 Nxc1 28. Qxc1 axb5 29. Bxf8 bxc4 30. Be4 Bxf8 31. fxe5 Bg7 32. e6 f5 33. Bf3 Nd6 34. Qf4 c3 35. Qg3 Kh7 36. Re1 Qe7 37. Rc1 c2 38. Qf2 Qc7 39. Qg3 Bh6 40. Rxc2 Qxc2 41. Qxd6 Qc1+ 0-1

[Event "CZE-ch Open 2019"]
[Site "Ostrava"]
[Date "2019.05.04"]
[Round "8.18"]
[White "Sramek, Vojtech"]
[Black "Zeman, Matyas"]
[Result "1/2-1/2"]
[ECO "C01"]
[WhiteElo "2260"]
[BlackElo "2248"]
[Annotator "NA"]
[PlyCount "62"]
[EventDate "2019.04.27"]
[EventType "swiss"]
[EventCountry "CZE"]
[SourceTitle "playchess.com"]
[Source "ChessBase"]
[SourceQuality "1"]
[TimeControl "40/5400+30:1800+30"]

1. e4 e6 2. d4 d5 3. exd5 exd5 4. Nf3 Nf6 5. Bd3 Bd6 6. Qe2+ Be6 7. Ng5 Qe7 8. O-O O-O 9. Re1 Re8 10. Nxe6 Qxe6 11. Qxe6 Rxe6 12. Rxe6 fxe6 13. Nc3 a6 14. Ne2 Nc6 15. c3 e5 16. Bg5 exd4 17. Nxd4 Nxd4 18. cxd4 Re8 19. Bxf6 gxf6 20. Kf1 Kf7 21. Re1 Rxe1+ 22. Kxe1 h6 23. g3 Ke6 24. Ke2 f5 25. b3 a5 26. a4 b6 27. h3 c5 28. dxc5 bxc5 29. f4 Kf6 30. Kf3 Be7 31. g4 fxg4+ {[%emt 0:00:04] Ke4 Ke5+} 1/2-1/2

[Event "CZE-ch Open 2019"]
[Site "Ostrava"]
[Date "2019.05.04"]
[Round "8.19"]
[White "Freisler, Pavel"]
[Black "Worek, Joanna"]
[Result "0-1"]
[ECO "A04"]
[WhiteElo "2251"]
[BlackElo "2307"]
[Annotator "NA"]
[PlyCount "80"]
[EventDate "2019.04.27"]
[EventType "swiss"]
[EventCountry "CZE"]
[SourceTitle "playchess.com"]
[Source "ChessBase"]
[SourceQuality "1"]
[TimeControl "40/5400+30:1800+30"]

1. Nf3 c5 2. b3 d6 3. e3 Nf6 4. Bb2 g6 5. c4 Bg7 6. Nc3 O-O 7. Be2 b6 8. d4 Nc6 9. d5 Ne5 10. Nxe5 dxe5 11. e4 Ne8 12. Bc1 Nd6 13. Be3 f5 14. f3 Bd7 15. Qd2 Qe8 16. g4 fxg4 17. fxg4 Rf4 18. Bxf4 exf4 19. e5 Bxe5 20. O-O-O Qf7 21. Bf3 a6 22. Rhe1 Bd4 23. Ne4 b5 24. Nxd6 exd6 25. Re4 Be3 26. Rxe3 fxe3 27. Qxe3 Re8 28. Be4 Bxg4 29. Re1 Qf6 30. Qg3 Rxe4 31. Rxe4 Qa1+ 32. Kd2 Qxa2+ 33. Ke3 Qe2+ 34. Kf4 g5+ 35. Kxg5 Qxe4 36. Qxd6 Qf5+ 37. Kh4 Qh5+ 38. Kg3 Qh3+ 39. Kf2 Qf3+ 40. Kg1 Qe3+ 0-1

[Event "CZE-ch Open 2019"]
[Site "Ostrava"]
[Date "2019.05.04"]
[Round "8.21"]
[White "Jun, Rudolf Jr."]
[Black "Vesselovsky, Serguei"]
[Result "1/2-1/2"]
[ECO "B52"]
[WhiteElo "2150"]
[BlackElo "2333"]
[Annotator "NA"]
[PlyCount "64"]
[EventDate "2019.04.27"]
[EventType "swiss"]
[EventCountry "CZE"]
[SourceTitle "playchess.com"]
[Source "ChessBase"]
[SourceQuality "1"]
[TimeControl "40/5400+30:1800+30"]

1. e4 c5 2. Nf3 d6 3. Bb5+ Bd7 4. Bxd7+ Qxd7 5. c4 Nf6 6. Nc3 Nc6 7. O-O g6 8. d4 cxd4 9. Nxd4 Bg7 10. Nde2 Qe6 11. Nd5 Qxe4 12. Nc7+ Kd7 13. Nxa8 Qxc4 14. Be3 Rxa8 15. Nd4 Nd5 16. b3 Nxe3 17. fxe3 Qd5 18. Nxc6 bxc6 19. Qxd5 cxd5 20. Rad1 Ke6 21. Kf2 f5 22. Rd2 Rc8 23. Rfd1 Rc5 24. Ke2 a5 25. a3 Be5 26. g3 h5 27. Kf3 Bg7 28. h4 Be5 29. Kf2 Bf6 30. Kf3 Be5 31. Kf2 Bg7 32. Kf3 Ke5 {Ke4+} 1/2-1/2

[Event "CZE-ch Open 2019"]
[Site "Ostrava"]
[Date "2019.05.04"]
[Round "8.22"]
[White "Svanda, Ondrej"]
[Black "Jedlicka, Ales"]
[Result "0-1"]
[ECO "B94"]
[WhiteElo "2304"]
[BlackElo "2225"]
[Annotator "NA"]
[PlyCount "72"]
[EventDate "2019.04.27"]
[EventType "swiss"]
[EventCountry "CZE"]
[SourceTitle "playchess.com"]
[Source "ChessBase"]
[SourceQuality "1"]
[TimeControl "40/5400+30:1800+30"]

1. e4 c5 2. Nf3 d6 3. d4 cxd4 4. Nxd4 Nf6 5. Nc3 a6 6. Bg5 Nbd7 7. Qe2 e6 8. f4 Qc7 9. O-O-O Be7 10. g4 h6 11. Bh4 b5 12. a3 Bb7 13. Rg1 O-O-O 14. Bg2 Nb6 15. Bf2 d5 16. e5 Nfd7 17. Kb1 Nc4 18. Na2 Nc5 19. Nb3 Na4 20. Bd4 Kb8 21. Rd3 Rc8 22. Rc1 a5 23. Nd2 b4 24. Rb3 bxa3 25. Nxc4 Qxc4 26. Qe3 axb2 27. Bxb2 Bc5 28. Qd2 Nxb2 29. Kxb2 Qd4+ 30. Qxd4 Bxd4+ 31. Ka3 Ka7 32. Bf1 Bc6 33. Rd3 Bc5+ 34. Kb2 Rb8+ 35. Ka1 Rb6 36. c4 d4 0-1

[Event "CZE-ch Open 2019"]
[Site "Ostrava"]
[Date "2019.05.04"]
[Round "8.24"]
[White "Taus, Martin"]
[Black "Vybiral, Zdenek"]
[Result "1-0"]
[ECO "B22"]
[WhiteElo "2104"]
[BlackElo "2269"]
[Annotator "NA RC"]
[PlyCount "96"]
[EventDate "2019.04.27"]
[EventType "swiss"]
[EventCountry "CZE"]
[SourceTitle "playchess.com"]
[Source "ChessBase"]
[SourceQuality "1"]
[TimeControl "40/5400+30:1800+30"]

1. e4 c5 2. c3 e6 3. d4 d5 4. exd5 exd5 5. Nf3 Nc6 6. Bb5 Bd6 7. O-O Nge7 8. dxc5 Bxc5 9. Nbd2 O-O 10. Nb3 Bd6 11. Bg5 f6 12. Bh4 {[%emt 0:06:10] C09: French Tarrasch: 3...c5 4 exd5 exd5 5 Ngf3 Nc6} Be6 13. Bg3 Ne5 $146 ({Predecessor:} 13... Bxg3 14. hxg3 Qb6 15. Be2 Rad8 16. Nfd4 Bf7 17. Re1 Ne5 18. a4 a5 19. Nb5 N7c6 {1-0 (57) Pridorozhni,A (2553)-Adamek,J (2244) Pardubice 2010}) 14. Re1 N7g6 15. Nfd4 Bf7 16. Nf5 Bb8 17. Nbd4 a6 18. Bf1 Ba7 19. h4 Re8 20. h5 Ne7 21. Nxe7+ Rxe7 22. Nf5 Re8 23. Rxe5 Rxe5 24. Qg4 Rxf5 25. Qxf5 Qc8 26. Qf3 Qe6 27. Bd3 Re8 28. Kf1 Bc5 29. Bc2 Qb6 30. Bb3 Qb5+ 31. Kg1 a5 32. Rd1 Rd8 33. c4 Qb4 34. cxd5 a4 35. Bc2 Qxb2 36. Qe4 g6 37. hxg6 hxg6 38. d6 Rd7 39. Bxa4 b5 40. Rb1 Qa3 41. Bxb5 Qxg3 42. Bxd7 Qxf2+ 43. Kh1 Qxa2 44. Rd1 f5 45. Qd3 Bb3 $2 (45... Qf2) 46. Bc6 Kg7 {[%emt 0:02:26] [#]} 47. d7 $1 Bb6 48. Rb1 Bc2 1-0

[Event "CZE-ch Open 2019"]
[Site "Ostrava"]
[Date "2019.05.04"]
[Round "8.25"]
[White "Bartos, Jan"]
[Black "Otruba, Marek"]
[Result "1/2-1/2"]
[ECO "A13"]
[WhiteElo "2187"]
[BlackElo "2101"]
[Annotator "NA"]
[PlyCount "61"]
[EventDate "2019.04.27"]
[EventType "swiss"]
[EventCountry "CZE"]
[SourceTitle "playchess.com"]
[Source "ChessBase"]
[SourceQuality "1"]
[TimeControl "40/5400+30:1800+30"]

1. Nf3 d5 2. c4 e6 3. g3 Nf6 4. b3 c5 5. cxd5 Nxd5 6. Bb2 b6 7. Bg2 Bb7 8. O-O Nd7 9. d4 N5f6 10. Nc3 cxd4 11. Qxd4 Bc5 12. Qf4 O-O 13. Rfd1 Qe7 14. Na4 Nd5 15. Qg5 Qxg5 16. Nxg5 Be7 17. Ne4 Rac8 18. Rac1 Rxc1 19. Rxc1 Rc8 20. Rxc8+ Bxc8 21. Nac3 Nc7 22. Kf1 Kf8 23. Ke1 Bb7 24. Kf1 b5 25. Nd2 Bxg2+ 26. Kxg2 Nb6 27. a4 a6 28. axb5 Nxb5 29. Nxb5 axb5 30. e4 Nd7 31. Kf3 1/2-1/2

[Event "CZE-ch Open 2019"]
[Site "Ostrava"]
[Date "2019.05.04"]
[Round "8.26"]
[White "Kana, Pavel"]
[Black "Bulockin, Martin"]
[Result "0-1"]
[ECO "B53"]
[WhiteElo "2013"]
[BlackElo "2219"]
[Annotator "NA"]
[PlyCount "88"]
[EventDate "2019.04.27"]
[EventType "swiss"]
[EventCountry "CZE"]
[SourceTitle "playchess.com"]
[Source "ChessBase"]
[SourceQuality "1"]
[TimeControl "40/5400+30:1800+30"]

1. e4 c5 2. Nf3 d6 3. d4 cxd4 4. Qxd4 a6 5. c4 Nc6 6. Qe3 Nf6 7. h3 g6 8. Nc3 Bg7 9. Be2 O-O 10. O-O Bd7 11. Rb1 a5 12. b3 Ne8 13. Nd5 Nc7 14. Bb2 Bxb2 15. Rxb2 f6 16. Nd4 Nxd4 17. Qxd4 e5 18. Qe3 Nxd5 19. cxd5 Rc8 20. Rc1 Rxc1+ 21. Qxc1 Qb8 22. Rc2 Rc8 23. Rxc8+ Qxc8 24. Qxc8+ Bxc8 25. h4 f5 26. f3 f4 27. g4 fxg3 28. Kg2 Bd7 29. a3 Kf7 30. Kxg3 Kf6 31. Bd3 g5 32. Be2 Kg6 33. Bf1 Kh5 34. hxg5 Kxg5 35. b4 axb4 36. axb4 h5 37. Be2 h4+ 38. Kf2 Kf4 39. Bc4 Ba4 40. Be2 h3 41. Bf1 h2 42. Bg2 Bd7 43. Bh1 Bh3 44. Ke2 Kg3 0-1

[Event "CZE-ch Open 2019"]
[Site "Ostrava"]
[Date "2019.05.04"]
[Round "8.28"]
[White "Koubova, Anna Marie"]
[Black "Vanek, Tomas"]
[Result "1-0"]
[ECO "A85"]
[WhiteElo "1975"]
[BlackElo "2095"]
[Annotator "NA RC"]
[PlyCount "95"]
[EventDate "2019.04.27"]
[EventType "swiss"]
[EventCountry "CZE"]
[SourceTitle "playchess.com"]
[Source "ChessBase"]
[SourceQuality "1"]
[TimeControl "40/5400+30:1800+30"]

1. d4 f5 2. c4 Nf6 3. Nc3 b6 4. Nf3 Bb7 5. e3 e6 6. Bd3 Bb4 7. O-O O-O 8. Nd2 Qe8 9. f3 Na6 10. Qe2 Bxc3 11. bxc3 c5 12. Ba3 Qg6 13. Qf2 Qh6 14. Rae1 Ne4 15. Bxe4 fxe4 16. Qg3 exf3 17. Nxf3 Be4 18. Ne5 d6 19. Nd7 Rf5 20. Qxd6 Qg6 21. g3 Rd8 22. Rxf5 Bxf5 23. Qe7 Re8 24. Qh4 Bb1 25. e4 Bc2 26. Ne5 Qf6 27. Qxf6 gxf6 28. Ng4 Kg7 29. e5 fxe5 30. Nxe5 h5 31. Rf1 Re7 32. Bc1 cxd4 33. cxd4 Nb4 34. Ba3 a5 35. Bxb4 axb4 36. Rf2 Bf5 37. Rb2 Ra7 38. Rxb4 Rxa2 39. Rxb6 Bh3 40. Rb7+ Kh6 41. Rb1 Rg2+ 42. Kh1 Rd2 43. Rc1 h4 44. c5 Bg2+ 45. Kg1 Bd5 46. c6 Rg2+ 47. Kf1 Rxh2 48. Ng4+ 1-0

[Event "CZE-ch Open 2019"]
[Site "Ostrava"]
[Date "2019.05.04"]
[Round "8.29"]
[White "Kolar, Stanislav"]
[Black "Malinovsky, Petr"]
[Result "0-1"]
[ECO "D00"]
[WhiteElo "2113"]
[BlackElo "2012"]
[Annotator "NA"]
[PlyCount "78"]
[EventDate "2019.04.27"]
[EventType "swiss"]
[EventCountry "CZE"]
[SourceTitle "playchess.com"]
[Source "ChessBase"]
[SourceQuality "1"]
[TimeControl "40/5400+30:1800+30"]

1. d4 d5 2. Bf4 e6 3. e3 Bd6 4. Nf3 Bxf4 5. exf4 Qd6 6. Qc1 c5 7. c3 b6 8. Na3 Nf6 9. Ne5 O-O 10. Nb5 Qe7 11. a4 a6 12. Na3 cxd4 13. Bd3 dxc3 14. bxc3 Bb7 15. O-O Nbd7 16. Nxd7 Nxd7 17. Re1 g6 18. Re3 Qf6 19. Rg3 Rfc8 20. Nb1 d4 21. Ra3 Rc7 22. c4 Rac8 23. h3 b5 24. axb5 axb5 25. Qb2 bxc4 26. Bxc4 Qxf4 27. Ra7 Rxc4 28. Qxb7 R4c7 29. Qa6 Qc1+ 30. Kh2 Qxb1 31. Rxc7 Rxc7 32. Qd6 Qb6 33. Qe7 Qb8 34. h4 Qf8 35. Qg5 Rc5 36. Qf4 e5 37. Qd2 Qe7 38. Rg5 h6 39. Rg4 Nf6 0-1